3095 views
Uploaded 2020-05-03 08:35:05
Game version 1.32.4 / 1.32.5
17:27 long 1on1 custom game on (2)LastRefuge
Game name "rbtv1"
Saved by BIGSKY
3095 views
Uploaded 2020-05-03 08:35:05
Game version 1.32.4 / 1.32.5
17:27 long 1on1 custom game on (2)LastRefuge
Game name "rbtv1"

29 units @ 4.2k
/ 0.2k
18 buildings @ 3.2k
/ 1.3k


| Healing Salve | 4 | 400 |
| Lesser Clarity Potion | 5 | 350 |
| Scroll of Speed | 3 | 150 |
| Potion of Healing | 1 | 150 |
| Scroll of Healing | 1 | 250 |
| Potion of Lesser Invulnerability | 3 | 450 |
| total: | 17 | 1750g |
| Peon | 10 | 750 | / | 0 |
| Grunt | 11 | 2200 | / | 0 |
| Shaman | 6 | 780 | / | 120 |
| Kodo Beast | 1 | 255 | / | 60 |
| Wind Rider | 1 | 265 | / | 40 |
| total: | 29 | 4250g | / | 220w |
| Watch Tower | 3 | 330 | / | 240 |
| Altar of Storms | 1 | 180 | / | 50 |
| Orc Burrow | 6 | 960 | / | 240 |
| Barracks | 1 | 180 | / | 50 |
| Voodoo Lounge | 2 | 260 | / | 60 |
| War Mill | 1 | 205 | / | 0 |
| Great Hall | 2 | 770 | / | 370 |
| Spirit Lodge | 1 | 150 | / | 150 |
| Beastiary | 1 | 145 | / | 140 |
| Stronghold | 1 | 315 | / | 190 |
| total: | 18 | 3180g | / | 1300w |
| 0:01 | Peon |
| 0:03 | Altar of Storms |
| 0:11 | Peon |
| 0:17 | Orc Burrow |
| 0:23 | Peon |
| 0:35 | Barracks |
| 0:43 | Peon |
| 0:56 | Peon |
| 1:14 | Peon |
| 1:32 | Peon |
| 1:37 | Grunt |
| 1:45 | Peon |
| 2:04 | Feral Spirit |
| 2:08 | Stronghold |
| 2:21 | Orc Burrow |
| 3:03 | Voodoo Lounge |
| 3:20 | Grunt |
| 3:51 | Grunt |
| 3:54 | Orc Burrow |
| 4:27 | Grunt |
| 4:34 | Spirit Lodge |
| 4:55 | Berserker Strength |
| 5:20 | Chain Lighting |
| 5:43 | Healing Salve |
| 5:44 | Lesser Clarity Potion |
| 5:44 | Scroll of Speed |
| 5:50 | War Stomp |
| 5:52 | Shaman |
| 5:55 | Orc Burrow |
| 6:27 | Shaman |
| 6:27 | Grunt |
| 6:43 | Endurance Aura |
| 6:49 | War Mill |
| 6:57 | Grunt |
| 6:57 | Shaman |
| 7:19 | Shaman Adept Training |
| 7:27 | Grunt |
| 7:28 | Shaman |
| 7:40 | Potion of Lesser Invulnerability |
| 8:06 | Scroll of Healing |
| 8:15 | Potion of Lesser Invulnerability |
| 8:30 | Healing Salve |
| 8:30 | Scroll of Speed |
| 8:36 | Lesser Clarity Potion |
| 8:48 | Steel Armor |
| 9:07 | Orc Burrow |
| 9:15 | War Stomp |
| 9:18 | Feral Spirit |
| 10:00 | Shaman |
| 10:50 | Grunt |
| 10:53 | Beastiary |
| 10:54 | Thorium Armor |
| 10:59 | Lesser Clarity Potion |
| 11:00 | Scroll of Speed |
| 11:01 | Healing Salve |
| 11:12 | Lesser Clarity Potion |
| 11:22 | Potion of Healing |
| 12:01 | Great Hall |
| 12:07 | Kodo Beast |
| 12:11 | Chain Lighting |
| 12:12 | Shaman |
| 12:13 | Grunt |
| 12:33 | Great Hall |
| 12:58 | Watch Tower |
| 13:25 | Grunt |
| 13:27 | Endurance Aura |
| 13:38 | Orc Burrow |
| 14:19 | Healing Salve |
| 14:20 | Lesser Clarity Potion |
| 14:25 | Watch Tower |
| 14:58 | Watch Tower |
| 15:01 | Voodoo Lounge |
| 15:10 | Grunt |
| 15:27 | Peon |
| 15:27 | Peon |
| 15:43 | Potion of Lesser Invulnerability |
| 16:59 | Wind Rider |
| Right click | 1343 |
| Select group | 613 |
| Select | 591 |
| Misc. action | 217 |
| Build/train/purchase | 107 |
| Use ability | 69 |
| Assign group | 42 |
| Chat | 11 |
| Remove unit | 2 |
| Item give/drop | 1 |
43 units @ 6.2k
/ 0.6k
21 buildings @ 2.4k
/ 1.1k


| Scroll of Regeneration | 3 | 300 |
| Lesser Clarity Potion | 4 | 280 |
| Ivory Tower | 2 | 80 |
| Scroll of Healing | 3 | 750 |
| Scroll of Town Portal | 1 | 350 |
| Potion of Lesser Invulnerability | 1 | 150 |
| total: | 14 | 1910g |
| Peasant | 10 | 750 | / | 0 |
| Footman | 5 | 675 | / | 0 |
| Priest | 12 | 1620 | / | 120 |
| Spell Breaker | 11 | 2365 | / | 330 |
| Sorceress | 5 | 775 | / | 100 |
| total: | 43 | 6185g | / | 550w |
| Scout Tower | 3 | 90 | / | 60 |
| Arcane Tower | 2 | 140 | / | 100 |
| Guard Tower | 1 | 70 | / | 50 |
| Altar of Kings | 1 | 180 | / | 50 |
| Farm | 9 | 720 | / | 180 |
| Barracks | 1 | 160 | / | 60 |
| Arcane Vault | 1 | 130 | / | 30 |
| Town Hall | 1 | 385 | / | 205 |
| Blacksmith | 1 | 140 | / | 60 |
| Lumber Mill | 1 | 120 | / | 0 |
| Arcane Sanctum | 2 | 300 | / | 280 |
| Gryphon Aviary | 1 | 140 | / | 150 |
| Keep | 1 | 320 | / | 210 |
| total: | 21 | 2365g | / | 1075w |
| 0:01 | Peasant |
| 0:06 | Altar of Kings |
| 0:08 | Peasant |
| 0:18 | Farm |
| 0:20 | Barracks |
| 0:24 | Peasant |
| 0:32 | Peasant |
| 0:48 | Farm |
| 0:55 | Peasant |
| 1:13 | Peasant |
| 1:21 | Footman |
| 1:29 | Peasant |
| 1:33 | Farm |
| 1:44 | Footman |
| 1:50 | Peasant |
| 2:03 | Scout Tower |
| 2:06 | Summon Water Elemental |
| 2:16 | Footman |
| 2:16 | Peasant |
| 2:30 | Arcane Tower |
| 2:35 | Footman |
| 3:05 | Peasant |
| 3:29 | Keep |
| 3:55 | Farm |
| 3:57 | Arcane Vault |
| 4:41 | Farm |
| 4:42 | Footman |
| 5:11 | Brilliance Aura |
| 5:53 | Arcane Sanctum |
| 5:55 | Scroll of Regeneration |
| 5:55 | Lesser Clarity Potion |
| 6:08 | Arcane Sanctum |
| 6:12 | Farm |
| 6:49 | Scroll of Regeneration |
| 6:56 | Priest |
| 7:01 | Storm Bolt |
| 7:13 | Lesser Clarity Potion |
| 7:22 | Priest Adept Training |
| 7:23 | Priest |
| 7:23 | Spell Breaker |
| 7:45 | Priest |
| 7:45 | Spell Breaker |
| 8:06 | Spell Breaker |
| 8:30 | Summon Water Elemental |
| 8:33 | Control Magic |
| 8:36 | Priest |
| 8:40 | Farm |
| 8:42 | Farm |
| 8:58 | Ivory Tower |
| 8:58 | Ivory Tower |
| 9:20 | Spell Breaker |
| 9:21 | Spell Breaker |
| 9:27 | Scroll of Healing |
| 9:29 | Scroll of Healing |
| 9:49 | Thunder Clap |
| 10:21 | Priest |
| 10:21 | Priest |
| 10:52 | Scroll of Regeneration |
| 10:52 | Lesser Clarity Potion |
| 11:01 | Lesser Clarity Potion |
| 11:46 | Town Hall |
| 11:53 | Scout Tower |
| 11:54 | Scout Tower |
| 12:00 | Priest |
| 12:07 | Thunder Clap |
| 12:14 | Blacksmith |
| 12:15 | Lumber Mill |
| 12:23 | Farm |
| 12:37 | Arcane Tower |
| 12:53 | Scroll of Healing |
| 13:14 | Scroll of Town Portal |
| 13:19 | Improved Lumber Harvesting |
| 13:26 | Guard Tower |
| 13:48 | Sorceress |
| 13:48 | Priest |
| 13:48 | Spell Breaker |
| 13:56 | Sorceress |
| 13:56 | Priest |
| 14:08 | Brilliance Aura |
| 14:29 | Sorceress |
| 14:29 | Priest |
| 14:29 | Spell Breaker |
| 14:34 | Iron Forged Swords |
| 14:50 | Potion of Lesser Invulnerability |
| 15:08 | Spell Breaker |
| 15:28 | Gryphon Aviary |
| 15:33 | Iron Plating |
| 15:36 | Storm Bolt |
| 15:43 | Spell Breaker |
| 17:00 | Priest |
| 17:00 | Spell Breaker |
| 17:00 | Sorceress |
| 17:20 | Sorceress |
| 17:20 | Priest |
| 17:20 | Spell Breaker |
| Right click | 1099 |
| Select group | 715 |
| Misc. action | 688 |
| Select | 546 |
| Build/train/purchase | 160 |
| Assign group | 136 |
| Use ability | 26 |
| Chat | 10 |
| Item give/drop | 4 |
| Remove unit | 3 |